 Dungeon Crawl Stone Soup version 0.19-a0-1735-g048f9dc (webtiles) character file.

430 Iflex the Grave Robber (level 6, -9/42 HPs)
             Began as a Vampire Necromancer on Sept 30, 2016.
             Was a Follower of Okawaru.
             Killed by divine providence
             ... invoked by an orc priest
              (13 damage)
             ... on level 4 of the Dungeon.
             The game lasted 01:21:38 (5657 turns).

Iflex the Grave Robber (Vampire Necromancer)        Turns: 5657, Time: 01:21:39

Health: -9/42      AC:  4    Str:  7    XL:     6   Next: 66%
Magic:  9/13       EV: 17    Int: 21    God:    Okawaru [*.....]
Gold:   289        SH:  0    Dex: 15    Spells: 4 memorised, 5 levels left

rFire  . . .     SeeInvis +     o - +2 dagger (drain)
rCold  . . .     Gourm    .     a - +1 robe
rNeg   + . .     Faith    .     (no shield)
rPois  +         Spirit   .     (no helmet)
rElec  .         Dismiss  .     h - +0 cloak
rCorr  .         Reflect  .     (no gloves)
MR     .....     Harm     .     (no boots)
Stlth  ++++......               (no amulet)
                                c - ring of poison resistance
                                s - +2 ring of intelligence

@: heroism
A: fangs 3, see invisible, screaming 1, unbreathing
a: Bat Form, Heroism, Renounce Religion


You were on level 4 of the Dungeon.
You worshipped Okawaru.
Okawaru was aware of your devotion.
You were not thirsty.

You visited 1 branch of the dungeon, and saw 4 of its levels.

You collected 289 gold pieces.

Inventory:

Hand Weapons
 e - a +0 dagger
 o - a +2 dagger of draining (weapon)
Missiles
 f - 118 stones (quivered)
Armour
 a - a +1 robe (worn)
 h - a +0 cloak (worn)
 p - a +0 robe
Jewellery
 c - a ring of poison resistance (right hand)
 j - an uncursed ring of stealth
 s - a +2 ring of intelligence (left hand)
Scrolls
 d - a scroll of blinking
 k - 2 scrolls of magic mapping
 m - a scroll of random uselessness
 q - a scroll of enchant armour
 r - 2 scrolls of remove curse
Potions
 g - a potion of brilliance
 i - 3 potions of might
 t - a potion of mutation
Books
 b - a book of Necromancy

   Spells                             Type                      Level
   a - Pain                           Necromancy                   1
   b - Animate Skeleton               Necromancy                   1
   c - Vampiric Draining              Necromancy                   3
   d - Regeneration                   Charms/Necromancy            3
   e - Animate Dead                   Necromancy                   4
   f - Control Undead                 Necromancy                   4


   Skills:
 + Level 0.6(5.6) Fighting
 + Level 0.4(5.4) Short Blades
 + Level 2.9(7.9) Dodging
 + Level 3.4(8.4) Stealth
 + Level 4.8 Spellcasting
 + Level 0.2 Charms
 + Level 6.3 Necromancy


You had 5 spell levels left.
You knew the following spells:

 Your Spells              Type           Power        Failure   Level  Hunger
a - Pain                  Necr           ####         1%          1    None
b - Regeneration          Chrm/Necr      ###.......   12%         3    ##.....
c - Animate Dead          Necr           N/A          10%         4    ####...
d - Animate Skeleton      Necr           N/A          1%          1    None


Dungeon Overview and Level Annotations

Branches:
Dungeon (4/15)
 Temple: D:4-7

Altars:
Nemelex Xobeh
Okawaru
Uskayaw
The Shining One

Annotations:
D:4 Pikel


Innate Abilities, Weirdness & Mutations

You have razor-sharp teeth.
You have supernaturally acute eyesight. (SInv)
You can survive without breathing.
You occasionally shout uncontrollably at your foes.


Message History

The orc is severely wounded.
The orc closely misses you.
You hit the orc. You bite the orc.
The orc is almost dead.
You closely miss the orc.
The orc is almost dead.
The orc completely misses you.
You hit the orc.
You kill the orc!
Okawaru accepts your kill.
You hit the orc priest but do no damage.
You drain the orc priest!
The orc priest is lightly wounded.
The orc priest completely misses you.
You hit the orc priest but do no damage.
You drain the orc priest!
The orc priest is moderately wounded.
The orc priest invokes the aid of Beogh against you.
Beogh smites you!
You die...

#..## #....## #....### ..
##.########....#####..####
..
#...>.......##...........##
#..###......#.............##
.......#####...........%...#
######## #....[..........#
#...)<..........#
#...o†..........#
#....@.....[....#
#...............#
##............<##
##.....#.....##
#############


You could see an orc priest.

Vanquished Creatures
  A slave (D:4)
  2 orc priests
  6 orc wizards
  A worker ant (D:4)
  6 adders
  An ooze (D:2)
  A worm (D:2)
  7 dart slugs
  5 leopard geckos
  17 orcs
  A giant cockroach (D:3)
  7 goblins
  11 hobgoblins
  3 jackals (D:1)
  2 quokkas
  10 bats
  2 frilled lizards
  12 kobolds
  6 rats
101 creatures vanquished.

Vanquished Creatures (collateral kills)
  A kobold (D:3)
1 creature vanquished.

Grand Total: 102 creatures vanquished

Notes
Turn   | Place    | Note
-------+----------+-------------------------------------------
     0 | D:1      | Iflex the Vampire Necromancer began the quest for the Orb.
     0 | D:1      | Reached XP level 1. HP: 13/13 MP: 3/3
   192 | D:1      | Reached XP level 2. HP: 19/19 MP: 3/5
   424 | D:1      | Reached skill level 5 in Necromancy
   826 | D:1      | Reached XP level 3. HP: 22/24 MP: 2/6
   841 | D:1      | Learned a level 3 spell: Regeneration
  1199 | D:2      | Found a glowing golden altar of the Shining One.
  1256 | D:2      | Found a faded altar of an unknown god.
  1387 | D:2      | Became a worshipper of Warmaster Okawaru
  1387 | D:2      | Reached * piety under Okawaru
  1881 | D:2      | Reached XP level 4. HP: 27/31 MP: 8/8
  1888 | D:2      | Learned a level 4 spell: Animate Dead
  2633 | D:3      | HP: 1/31 [orc wizard/magic dart (4)]
  2923 | D:3      | Learned a level 1 spell: Animate Skeleton
  2971 | D:3      | Reached XP level 5. HP: 35/36 MP: 6/9
  3984 | D:3      | Reached XP level 6. HP: 38/42 MP: 3/12
  4342 | D:4      | Gained mutation: Your spells are a little harder to cast, but a little more powerful. [potion of mutation]
  4342 | D:4      | Gained mutation: You occasionally shout uncontrollably at your foes. [potion of mutation]
  4342 | D:4      | Lost mutation: Your spells are a little harder to cast, but a little more powerful. [potion of mutation]
  4386 | D:4      | Reached skill level 6 in Necromancy
  4413 | D:4      | Noticed a dagger
  4419 | D:4      | Noticed a dagger
  4462 | D:4      | Found a hide-covered altar of Uskayaw.
  4645 | D:4      | Found a sparkling altar of Nemelex Xobeh.
  4798 | D:4      | Found an iron altar of Okawaru.
  4976 | D:4      | Noticed a slave
  4986 | D:4      | Noticed a slave
  5027 | D:4      | Noticed Pikel
  5068 | D:4      | Noticed a slave
  5096 | D:4      | Noticed a slave
  5311 | D:4      | Killed a slave
  5657 | D:4      | Killed from afar by an orc priest

Vault maps used:
D:1:      lemuel_arrival_broad_hall
D:2:      nicolae_tso_swordbearing_angel, ecumenical_altar_2
D:3:      kennysheep_slugbush, minmay_goblin_kobold_house
D:4:      nemelex_xobeh_ov_fountains_minmay, dancing_weapons_uskayaw,
          first_bread, portal_sewer_entry_b, okawaru_gym_becter, uniq_pikel

Skill      XL: |  1  2  3  4  5  6 |
---------------+-------------------+-----
Necromancy     | 5 6 |  6.3
Spellcasting   | 3 4 |  4.8
Fighting       | |  0.6
Short Blades   | |  0.4
Dodging        | |  2.9
Stealth        | |  3.4
Charms         | |  0.2

Action                   |  1- 3 |  4- 6 || total
-------------------------+-------+-------++-------
Melee: Unarmed           |     2 |     1 ||     3
       Short sword       |    32 |     8 ||    40
       Bite              |     1 |     3 ||     4
       Dagger            |       |    32 ||    32
Throw: Stone             |       |     3 ||     3
 Cast: Pain              |    63 |   144 ||   207
       Regeneration      |     5 |     2 ||     7
       Animate Dead      |       |     9 ||     9
       Animate Skeleton  |       |     2 ||     2
Invok: Heroism           |       |     2 ||     2
 Abil: End Transformatio |       |     6 ||     6
       Bat Form          |       |     6 ||     6
  Use: Potion            |     9 |    20 ||    29
       Scroll            |     4 |    12 ||    16
 Stab: Sleeping          |     1 |       ||     1
       Distracted        |       |     1 ||     1
Armor: Robe              |    72 |    16 ||    88
Dodge: Dodged            |   161 |   105 ||   266
